 Dungeon Crawl Stone Soup version 0.30.1-11-g7821555f0a (webtiles) character file.

Game seed: 14007181059646190390

139 Ijustatesigmund the Digger (level 5, -7/29 HPs)
             Began as a Gargoyle Earth Elementalist on Nov 27, 2023.
             Mangled by an ice beast (13 damage)
             ... on level 4 of the Dungeon.
             The game lasted 00:06:32 (2588 turns).

Ijustatesigmund the Digger (GrEE)                   Turns: 2588, Time: 00:06:33

Health: -7/29      AC:  6    Str: 11    XL:     5   Next: 22%
Magic:  9/9        EV: 11    Int: 18    God:
Gold:   121        SH:  0    Dex: 10    Spells: 3/9 levels left

rFire   . . .        c - +2 whip (elec)
rCold   . . .        (no shield)
rNeg    + . .        a - +0 robe
rPois   ∞            (no helmet)
rElec   +            (no cloak)
rCorr   .            (no gloves)
SInv    .            (no boots)
Will    .....        (no amulet)
Stlth   ++           i - ring of flight
HPRegen 0.24/turn    (no ring)
MPRegen 0.11/turn

%: no passive effects
@: flying
A: sickness immunity, AC +4, negative energy resistance 1, electricity
resistance, torment resistance 1, petrification resistance
a: no special abilities


You were on level 4 of the Dungeon.
You visited 1 branch of the dungeon, and saw 4 of its levels.

You collected 161 gold pieces.
You spent 40 gold pieces at shops.

Inventory:

Hand Weapons
 c - a +2 whip of electrocution (weapon)
 e - a +0 morningstar
Armour
 a - a +0 robe (worn)
Jewellery
 i - a ring of flight (left hand)
 j - a ring of ice
 o - a +6 ring of dexterity
Scrolls
 d - a scroll of blinking {unknown}
 f - 2 scrolls of immolation {unknown}
 g - a scroll of amnesia {unknown}
 h - 2 scrolls of identify
 k - a scroll of poison
 l - a scroll of torment {unknown}
 p - a scroll of fog {unknown}
Potions
 n - 2 potions of mutation


   Skills:
 - Level 1.4 Fighting
 + Level 0.9 Maces & Flails
 - Level 1.5 Dodging
 - Level 2.1 Stealth
 + Level 2.9 Spellcasting
 * Level 2.6 Conjurations
 - Level 0.7 Transmutations
 + Level 4.7 Earth Magic


You had 3 spell levels left.
You knew the following spells:

 Your Spells              Type           Power      Damage    Failure   Level
a - Sandblast             Erth           38%        2d10      2%          1
b - Stone Arrow           Conj/Erth      30%        3d8       11%         3
c - Poisonous Vapours     Pois/Air       4%         N/A       26%         2

Your spell library contained the following spells:

 Spells                   Type           Power      Damage    Failure   Level
 Passwall                 Tmut/Erth      10%        N/A       9%          2
 Sting                    Tmut/Pois      12%        1d3       14%         1
 Petrify                  Tmut/Erth      12%        N/A       47%         4
 Olgreb's Toxic Radiance  Pois           2%         N/A       86%         4


Dungeon Overview and Level Annotations

Branches:
Dungeon (4/15)
 Temple: D:4-7

Altars:

Shops:
D:1 :(:=:   D:2 ?


Innate Abilities, Weirdness & Mutations

You are immune to sickness and miasma.
Your stone body is resilient. (AC +4)
You are immune to poison.
You resist negative energy. (rN+)
You are resistant to electric shocks. (rElec)
You are resistant to unholy torment.
You are immune to petrification.


Message History

The blast of sand hits the gnoll!
You kill the gnoll!
You hear the slow rusting of a drain very nearby.
Casting: Sandblast (safe; 2% risk of failure)
Confirm with . or Enter, or press ? or * to list all spells.
Aiming: Sandblast (safe; 2% risk of failure)
Press: ? - help, Shift-Dir - straight line, f - gnoll
Aim: a gnoll, wielding a +0 club (84% to hit)
The blast of sand hits the gnoll!
The gnoll is severely wounded.
The gnoll misses you. The gnoll closely misses you.
Casting: Sandblast (safe; 2% risk of failure)
Confirm with . or Enter, or press ? or * to list all spells.
Aiming: Sandblast (safe; 2% risk of failure)
Press: ? - help, Shift-Dir - straight line, f/p - gnoll
Aim: a gnoll, wielding a +0 club (severely wounded, 84% to hit)
The blast of sand misses the gnoll.
The gnoll hits you with a +0 club.
Casting: Sandblast (safe; 2% risk of failure)
Confirm with . or Enter, or press ? or * to list all spells.
Aiming: Sandblast (safe; 2% risk of failure)
Press: ? - help, Shift-Dir - straight line, f/p - gnoll
Aim: a gnoll, wielding a +0 club (severely wounded, 84% to hit)
The blast of sand hits the gnoll!
You kill the gnoll!
Things that are here:
a +0 club; a +0 club; a gnoll corpse You see here a +0 spear.
An ice beast comes into view.
You hit the ice beast.
The ice beast is lightly wounded.
The ice beast closely misses you.
You hit the ice beast but do no damage.
The ice beast is lightly wounded.
The ice beast hits you. The ice beast freezes you!
You feel better. The ice beast hits you. The ice beast freezes you!
* * * LOW HITPOINT WARNING * * *
Magic courses through your body. The ice beast hits you.
* * * LOW HITPOINT WARNING * * *
The ice beast freezes you!
You die...

........#####
............#
##.##.#.....###
.... #
#.#####...#
..g# . ###.#
g..# .. #)#
g..# .. #)#
...# ###
#.##...##
#.@Y....#
###.#..)# #.#
.# #.+ ###


You could see an ice beast.

Vanquished Creatures
  An iguana (D:3)
  3 gnolls (D:4)
  2 adders
  3 dart slugs
  An orc (D:3)
  12 endoplasms
  2 giant cockroaches (D:1)
  8 goblins
  3 hobgoblins (D:1)
  2 jackals (D:1)
  A quokka (D:3)
  4 ball pythons
  3 bats
  3 frilled lizards (D:1)
  5 kobolds
  4 rats
57 creatures vanquished.

Notes
Turn   | Place    | Note
-------+----------+-------------------------------------------
     0 | D:1      | Ijustatesigmund the Gargoyle Earth Elementalist began the
                  | quest for the Orb.
     0 | D:1      | Reached XP level 1. HP: 10/10 MP: 3/3
     0 | D:1      | Found Myuhyd's Book Shop.
    92 | D:1      | Reached XP level 2. HP: 16/16 MP: 3/5
   113 | D:1      | Reached skill level 1 in Fighting
   114 | D:1      | Reached skill level 4 in Earth Magic
   191 | D:1      | Found Node's Antique Weapon Emporium.
   274 | D:1      | Found Jeixarot's Book Shop.
   450 | D:1      | Reached XP level 3. HP: 20/20 MP: 4/6
   454 | D:1      | Learned a level 3 spell: Stone Arrow
   626 | D:1      | Found Ogolemi's Book Emporium.
   696 | D:1      | Found Qolum's Jewellery Shop.
   899 | D:2      | Learned a level 2 spell: Poisonous Vapours
   934 | D:2      | Reached skill level 1 in Conjurations
  1302 | D:2      | Found Cosaedox's Magic Scroll Shop.
  1306 | D:2      | Bought a scroll of poison for 40 gold pieces
  1494 | D:3      | Reached XP level 4. HP: 25/25 MP: 3/8
  1782 | D:3      | Found a faded altar of an unknown god.
  2576 | D:4      | Reached XP level 5. HP: 24/29 MP: 5/9
  2584 | D:4      | Noticed an ice beast
  2588 | D:4      | Mangled by an ice beast

Illustrated notes

Levels and vault maps discovered:
D:1:      scummos_arrival_simple_crosswalls, layout_rooms, serial_shops, shop,
          nicolae_shop_just_a_little_nook, nicolae_shop_stone, shop, shop,
          st_stairs_12
D:2:      layout_rooms, serial_shops, nicolae_shop_peninsula, minivault_27,
          dk_noncrumbling_4
D:3:      layout_basic, shapermc_ecumenical_altar_mp_highgroup,
          amethyst_killhole
D:4:      layout_basic, lemuel_temple_firewalk_a, gup_sewer_entry_spiral,
          uniq_edmund

Skill      XL: |  1  2  3  4 |
---------------+-------------+-----
Fighting       | 1 |  1.4
Earth Magic    | 4 |  4.7
Conjurations   | 1 2 |  2.6
Maces & Flails | |  0.9
Dodging        | |  1.5
Stealth        | |  2.1
Spellcasting   | |  2.9
Transmutations | |  0.7

Action                     |  1- 3 |  4- 6 || total
---------------------------+-------+-------++-------
  Melee: Unarmed           |    13 |       ||    13
         Whip              |       |     2 ||     2
   Cast: Sandblast         |    50 |    27 ||    77
    Use: Scroll            |     1 |     1 ||     2
         Potion            |       |     2 ||     2
 Armour: Robe              |     9 |     2 ||    11
  Dodge: Dodged            |    11 |     5 ||    16
